 Dungeon Crawl Stone Soup version 0.22.0-27-ga576289 (webtiles) character file.

1386 poirepourri the Thaumaturge (level 8, -3/41 HPs)
             Began as a Deep Elf Conjurer on Aug 21, 2018.
             Was a Follower of Vehumet.
             Slain by Pikel
             ... wielding a +2 whip of electrocution
              (9 damage)
             ... on level 6 of the Dungeon.
             The game lasted 00:09:13 (8307 turns).

poirepourri the Thaumaturge (Deep Elf Conjurer)     Turns: 8307, Time: 00:09:13

Health: -3/41      AC:  8    Str:  5    XL:     8   Next: 40%
Magic:  15/24      EV: 13    Int: 23    God:    Vehumet [*.....]
Gold:   260        SH:  0    Dex: 15    Spells: 9/27 levels left

rFire    . . .     SeeInvis .   g - +2 short sword (venom)
rCold    . . .     Gourm    .   (no shield)
rNeg     . . .     Faith    .   a - +0 robe
rPois    +         Spirit   .   (no helmet)
rElec    .         Reflect  .   l - +2 cloak
rCorr    .         Harm     .   h - +2 pair of gloves
MR       .....                  (no boots)
Stlth    ++........             (no amulet)
HPRegen  0.13/turn              e - ring of poison resistance
MPRegen  0.19/turn              (no ring)

@: no status effects
A: no striking features
a: Renounce Religion


You were on level 6 of the Dungeon.
You worshipped Vehumet.
Vehumet was aware of your devotion.
You were not hungry.

You visited 1 branch of the dungeon, and saw 6 of its levels.

You collected 260 gold pieces.

Inventory:

Hand Weapons
 g - a +2 short sword of venom (weapon)
Missiles
 d - 5 javelins (quivered)
Armour
 a - a +0 robe (worn)
 h - a +2 pair of gloves (worn)
 l - a +2 cloak (worn)
Jewellery
 e - a ring of poison resistance (left hand)
Wands
 m - a wand of flame (54)
 o - a wand of paralysis (14)
 s - a wand of disintegration (10)
Scrolls
 i - a scroll of magic mapping
 k - 4 scrolls of teleportation
 q - 2 scrolls of identify
Potions
 b - 3 potions of heal wounds
 f - a potion of flight
 j - 2 potions of degeneration {unknown}
 n - a potion of haste {unknown}
 p - a potion of brilliance {unknown}
 r - a potion of magic {unknown}
Comestibles
 c - 7 rations


   Skills:
 - Level 2.4 Dodging
 - Level 2.4 Stealth
 + Level 10.0 Spellcasting
 - Level 9.2 Conjurations


You had 9 spell levels left.
You knew the following spells:

 Your Spells              Type           Power        Failure   Level  Hunger
a - Magic Dart            Conj           ####         1%          1    None
b - Searing Ray           Conj           ######       1%          2    None
c - Dazzling Spray        Conj/Hex       ####..       2%          3    None
d - Iskenderun's Mystic   Conj           ######..     1%          4    #......
e - Force Lance           Conj/Tloc      ####....     9%          4    #......
f - Fulminant Prism       Conj/Hex       ####......   9%          4    #......

Your spell library contained the following spells:

 Spells                   Type           Power        Failure   Level  Hunger
 Sandblast                Erth           ##....       5%          1    None


Dungeon Overview and Level Annotations

Branches:
Dungeon (6/15)
 Temple: D:4-7

Altars:
Fedhas
Makhleb
Nemelex Xobeh
Okawaru
Vehumet
Yredelemnul

Annotations:
D:2 Natasha
D:6 3 runed doors, Enish's ghost, novice VSAK; Lew's ghost, novice GnFi; Pikel; Swippen's ghost, novice GnFi; TotesWizzard's ghost, novice DDFi; grocchini's ghost, novice MiBe


Message History

Confirm with . or Enter, or press ? or * to list all spells.
Aiming: Searing Ray (safe; 1% risk of failure)
Press: ? - help, Shift-Dir - straight line, f - Pikel
Aim: Pikel, wielding a whip of electrocution and wearing a glowing robe The searing ray hits Pikel.
Pikel is moderately wounded. (Press . to maintain the ray.) Pikel hits you with a whip of electrocution.
The searing ray hits Pikel.
Pikel is moderately wounded.
Pikel barely misses you.
The searing ray misses Pikel.
Pikel hits you with a whip of electrocution.
You are electrocuted!
* * * LOW HITPOINT WARNING * * *
The searing ray hits Pikel.
Pikel is severely wounded.
You finish channeling your searing ray.
Pikel hits you but does no damage.
You are electrocuted!
You die...

### #### #####.# #..#####
#.....### #)##..#.
###..#@K##### ##.##..# .#
#..###p...### #.###.# ..#
#..# ##.##..###.....#
..###..# #.####...#..##..
#...#..###.# ###..#####.
#....##p.# #..# ##
##...##K## #..# #
##.>.p...## #..# #
#####...K.##..######..######


You could see Pikel and a slave.

Vanquished Creatures
  3 slaves
  An ice beast (D:6)
  A sky beast (D:5)
  A phantom (D:4)
  An ogre (D:4)
  2 howler monkeys
  A crimson imp (D:5)
  A bullfrog zombie (D:5)
  A jelly (D:2)
  A hound (D:5)
  Crazy Yiuf (D:2)
  2 iguanas
  3 orc priests
  Jessica (D:2)
  5 orc wizards
  Natasha (twice) (D:2)
  3 worker ants
  2 hound skeletons
  A worker ant zombie (D:5)
  Robin (D:3)
  11 gnolls
  10 adders
  A shadow imp (D:4)
  4 worms
  5 dart slugs
  4 leopard geckos
  18 orcs
  2 ball pythons
  3 bats (D:2)
  2 giant cockroaches (D:1)
  18 goblins
  9 hobgoblins
  3 jackals (D:2)
  5 kobolds
  4 quokkas
  2 frilled lizards (D:2)
  A giant cockroach zombie (D:5)
  A quokka zombie (D:5)
  7 rats
144 creatures vanquished.

Vanquished Creatures (others)
  A fulminant prism (D:6)
1 creature vanquished.

Grand Total: 145 creatures vanquished

Notes
Turn   | Place    | Note
-------+----------+-------------------------------------------
     0 | D:1      | poirepourri the Deep Elf Conjurer began the quest for the Orb.
     0 | D:1      | Reached XP level 1. HP: 10/10 MP: 6/6
   377 | D:1      | Reached skill level 4 in Spellcasting
   377 | D:1      | Reached XP level 2. HP: 13/15 MP: 3/9
   382 | D:1      | Learned a level 2 spell: Searing Ray
   660 | D:1      | Reached XP level 3. HP: 16/19 MP: 1/11
   806 | D:1      | Reached skill level 5 in Spellcasting
  1254 | D:2      | Noticed Robin
  1354 | D:1      | Learned a level 3 spell: Dazzling Spray
  1398 | D:2      | Noticed Jessica
  1402 | D:2      | Killed Jessica
  1402 | D:2      | Reached skill level 6 in Spellcasting
  1402 | D:2      | Reached XP level 4. HP: 24/24 MP: 9/14
  1445 | D:2      | Learned a level 4 spell: Iskenderun's Mystic Blast
  1450 | D:2      | Learned a level 4 spell: Force Lance
  1770 | D:2      | Reached skill level 7 in Spellcasting
  1774 | D:2      | Reached XP level 5. HP: 24/28 MP: 3/16
  1872 | D:2      | Learned a level 4 spell: Fulminant Prism
  1899 | D:2      | Found a runed door.
  2273 | D:2      | Noticed Natasha
  2277 | D:2      | Killed Natasha
  2277 | D:2      | Reached skill level 8 in Spellcasting
  2514 | D:2      | Noticed Natasha
  2519 | D:2      | Killed Natasha
  2544 | D:2      | Found an iron altar of Okawaru.
  2664 | D:2      | Reached XP level 6. HP: 32/32 MP: 11/19
  2817 | D:2      | Found a blossoming altar of Fedhas.
  3002 | D:2      | Noticed Crazy Yiuf
  3005 | D:2      | Killed Crazy Yiuf
  3041 | D:2      | Noticed Natasha
  3108 | D:3      | Killed Robin
  3108 | D:3      | Reached skill level 9 in Spellcasting
  3589 | D:3      | Found a radiant altar of Vehumet.
  3605 | D:3      | Found a basalt altar of Yredelemnul.
  3609 | D:3      | Became a worshipper of Vehumet
  3825 | D:3      | Reached skill level 5 in Conjurations
  4306 | D:3      | Found a burning altar of Makhleb.
  4658 | D:4      | Reached XP level 7. HP: 18/36 MP: 9/21
  5823 | D:5      | Entered Level 5 of the Dungeon
  6342 | D:5      | Reached * piety under Vehumet
  6342 | D:5      | Offered knowledge of Sandblast by Vehumet.
  6342 | D:5      | Reached XP level 8. HP: 41/41 MP: 13/23
  7247 | D:5      | Found a sparkling altar of Nemelex Xobeh.
  7650 | D:6      | Noticed TotesWizzard's ghost (novice DDFi)
  7651 | D:6      | Found a runed gate.
  7652 | D:6      | Found a runed gate.
  7960 | D:6      | Found a runed gate.
  7961 | D:6      | Noticed grocchini's ghost (novice MiBe)
  7963 | D:6      | Noticed Swippen's ghost (novice GnFi)
  7963 | D:6      | Noticed Lew's ghost (novice GnFi)
  7963 | D:6      | Noticed Enish's ghost (novice VSAK)
  8102 | D:6      | Noticed Pikel
  8272 | D:5      | Reached skill level 10 in Spellcasting
  8307 | D:6      | Slain by Pikel

Skill      XL: |  1  2  3  4  5  6  7  8 |
---------------+-------------------------+-----
Spellcasting   | 4 6 7 8 9 10 | 10.0
Conjurations   | 6 8 9 |  9.2
Dodging        | |  2.4
Stealth        | |  2.4

Action                   |  1- 3 |  4- 6 |  7- 9 || total
-------------------------+-------+-------+-------++-------
Melee: Short sword       |     8 |       |     7 ||    15
 Cast: Magic Dart        |    42 |    77 |    73 ||   192
       Searing Ray       |     5 |    38 |    20 ||    63
       Iskenderun's Myst |       |     3 |    18 ||    21
       Dazzling Spray    |       |     3 |    11 ||    14
       Fulminant Prism   |       |       |     1 ||     1
  Use: Scroll            |     3 |     6 |     4 ||    13
  Eat: Ration            |     1 |     3 |     3 ||     7
       Chunk             |       |     1 |       ||     1
Armor: Robe              |     2 |     6 |    24 ||    32
Dodge: Dodged            |    15 |    20 |    37 ||    72
